 Dungeon Crawl Stone Soup version 0.20-a0-464-g526fb3c (webtiles) character file.

21191 aspy the Frost Mage (level 12, -13/94 HPs)
             Began as a Ghoul Ice Elementalist on Jan 10, 2017.
             Was a High Priest of Vehumet.
             Mangled by Rupert
             ... wielding a +1 great mace of holy wrath
              (38 damage)
             ... on level 5 of the Lair of Beasts on Jan 11, 2017.
             The game lasted 01:44:38 (19795 turns).

aspy the Frost Mage (Ghoul Ice Elementalist)       Turns: 19795, Time: 01:44:38

Health: -13/94     AC: 11    Str: 16    XL:     12   Next: 87%
Magic:  3/25       EV: 14    Int: 14    God:    Vehumet [*****.]
Gold:   909        SH:  0    Dex:  9    Spells: 17/31 levels left

rFire  x . .     SeeInvis .     a - +1 dagger (elec)
rCold  + + +     Gourm    .     j - +2 leather armour {rC+}
rNeg   + + +     Faith    .     (no shield)
rPois  ∞         Spirit   .     z - +2 hat
rElec  .         Reflect  .     l - +0 cloak
rCorr  .         Harm     .     s - +0 pair of gloves
MR     .....                    I - +1 pair of boots
Stlth  +.........               (no amulet)
                                O - ring of ice
                                q - +3 ring of strength

@: about to teleport, rotting
A: rotting body, claws 1, carnivore 3, cold resistance 1, negative energy
resistance 3, slow regeneration 1, torment resistance, unbreathing
a: Renounce Religion


You were on level 5 of the Lair of Beasts.
You worshipped Vehumet.
Vehumet was extremely pleased with you.
You were not hungry.

You visited 3 branches of the dungeon, and saw 16 of its levels.

You collected 909 gold pieces.

Inventory:

Hand Weapons
 a - a +1 dagger of electrocution (weapon)
Missiles
 b - a throwing net (quivered)
Armour
 j - a +2 leather armour of cold resistance (worn)
 l - a +0 cloak (worn)
 s - a +0 pair of gloves (worn)
 z - a +2 hat (worn)
 I - a +1 pair of boots (worn)
Jewellery
 q - a +3 ring of strength (left hand)
 O - a ring of ice (right hand)
Wands
 r - a wand of iceblast (1/15)
 y - a wand of digging (15/24)
 G - a wand of lightning (5/15)
 N - a wand of paralysis (8/24)
 Q - a wand of digging (13/24)
Scrolls
 d - 4 scrolls of remove curse
 g - 5 scrolls of recharging
 h - 6 scrolls of blinking
 i - 2 scrolls of enchant weapon
 k - a scroll of fear {unknown}
 m - a scroll of enchant armour {unknown}
 n - a scroll of teleportation
 o - a scroll of random uselessness {unknown}
 E - a scroll of vulnerability {unknown}
 F - a scroll of noise {unknown}
 H - a scroll of amnesia {unknown}
Potions
 e - a potion of haste {unknown}
 f - 2 potions of mutation {unknown}
 t - a potion of ambrosia {unknown}
 u - 5 potions of curing
 v - a potion of resistance {unknown}
 x - 3 potions of might {unknown}
 A - a potion of lignification {unknown}
 C - 3 potions of berserk rage {unknown}
 D - a potion of magic {unknown}
 J - a potion of invisibility {unknown}
 K - a potion of degeneration {unknown}
 M - a potion of cure mutation {unknown}
 P - a potion of heal wounds
Books
 p - a book of Frost

   Spells                             Type                      Level
   a - Freeze                         Ice                          1
   b - Throw Frost                    Conjuration/Ice              2
   c - Ozocubu's Armour               Charms/Ice                   3
   d - Throw Icicle                   Conjuration/Ice              4
   e - Summon Ice Beast               Ice/Summoning                4
 B - a book of Dreams

   Spells                             Type                      Level
   a - Ensorcelled Hibernation        Hexes/Ice                    2
   b - Silence                        Hexes/Air                    5
   c - Darkness                       Hexes                        6
   d - Shadow Creatures               Summoning                    6
Comestibles
 c - 3 meat rations
 w - 6 slices of pizza
 L - 2 beef jerkies


   Skills:
 + Level 5.5 Fighting
 - Level 0.5 Short Blades
 - Level 6.3 Dodging
 - Level 2.1 Stealth
 + Level 10.1 Spellcasting
 + Level 7.8 Conjurations
 - Level 3.8 Summonings
 - Level 12.6 Ice Magic


You had 17 spell levels left.
You knew the following spells:

 Your Spells              Type           Power        Failure   Level  Hunger
a - Freeze                Ice            ####         1%          1    None
d - Summon Ice Beast      Ice/Summ       #####...     6%          4    ###....
e - Ozocubu's Armour      Chrm/Ice       #####...     3%          3    #......
x - Throw Frost           Conj/Ice       ######       1%          2    None
z - Throw Icicle          Conj/Ice       ######..     1%          4    ###....


Dungeon Overview and Level Annotations

Branches:
Dungeon (10/15)            Temple (1/1) D:6            Lair (5/6) D:8
 Shoals (0/4) Lair:2       Spider (0/4) Lair:3        Slime (0/5) Lair:5
    Orc (0/2) D:9

Altars:
Ashenzari
Cheibriados
Dithmenos
Elyvilon
Fedhas
Gozag
Hepliaklqana
Kikubaaqudgha
Makhleb
Nemelex Xobeh
Okawaru
Qazlal
Ru
Sif Muna
Trog
Uskayaw
Vehumet
Xom
Yredelemnul
Zin
The Shining One
Jiyva

Annotations:
D:7 1 runed door, exclusion: door
Lair:4 exclusion: 2 downstairs
Lair:5 1 runed door, exclusions: door and 1 more exclusion, Rupert


Innate Abilities, Weirdness & Mutations

Your body is rotting away.
You thrive on raw meat.
You are immune to poison.
You have sharp fingernails.
You are carnivorous and can eat meat at any time.
Your flesh is cold resistant. (rC+)
You are immune to negative energy. (rN+++)
You regenerate slowly when monsters are visible.
You are immune to unholy pain and torment.
You can survive without breathing.


Message History

Your ice beast disappears in a puff of smoke!
Your ice beast hits Rupert but does no damage.
As you read the scroll of teleportation, it crumbles to dust.
You feel strangely unstable.
Rupert screams, "Give me the Holy Grail!"
Rupert roars madly and goes into a rage!
Rupert goes berserk!
Your ice beast hits Rupert but does no damage.
Casting: Throw Icicle
Confirm with . or Enter, or press ? or * to list all spells.
Okay, then.
Unknown command.
Your ice beast hits Rupert but does no damage.
Rupert misses you.
You completely miss Rupert.
Rupert is lightly wounded.
Rupert hits you with a great mace of holy wrath!!
* * * LOW HITPOINT WARNING * * *
You convulse!!!
You die...

................#
.................#
.................#
...........(.....#
.................#
...........).....#
.................#
..............Y..#
..............Y@@#
................##
................#
........[......##
.............###
............##
..........###
..........#
.P....##.#..#


You could see Rupert (berserk) and 2 friendly ice beasts.

Vanquished Creatures
  Nessos (Lair:4)
  5 hydras
  Harold (Lair:2)
  A death yak (Lair:3)
  A black mamba (Lair:1)
  3 spiny frogs
  A torpor snail (Lair:4)
  3 komodo dragons
  A rime drake (Lair:2)
  A demonic crawler (Lair:3)
  The ghost of azzavlup the Poker, an amateur DsAK of Lugonu (D:5)
  5 blink frogs
  A hippogriff (Lair:1)
  3 spriggans (Lair:5)
  A steam dragon (Lair:4)
  4 yaks (Lair:2)
  A wyvern (D:9)
  2 basilisks
  Edmund (D:6)
  A warg (D:9)
  4 water moccasins
  6 porcupines
  Duvessa (D:6)
  4 orc warriors
  4 sky beasts
  3 ice beasts
  A black bear (D:6)
  A necrophage (D:8)
  2 phantoms
  8 ogres
  10 wolves
  6 centaurs
  6 crocodiles
  11 bullfrogs
  A gnoll sergeant (D:8)
  5 scorpions
  Dowan (D:6)
  3 wights (D:8)
  A howler monkey (D:8)
  5 crimson imps
  A centaur zombie (D:5)
  2 bullfrog zombies
  A jelly (D:6)
  3 orc priests
  8 hounds
  A bullfrog skeleton (D:8)
  2 centaur skeletons
  7 orc wizards
  Jessica (D:2)
  2 iguanas
  11 worker ants
  A hound zombie (D:10)
  A hound skeleton (D:9)
  12 gnolls
  12 adders
  A howler monkey skeleton (D:6)
  4 oozes
  An adder zombie (D:9)
  An adder skeleton (D:5)
  4 worms
  2 dart slugs (D:1)
  5 leopard geckos
  46 orcs
  2 ball pythons
  2 giant cockroaches (D:1)
  5 goblins
  6 hobgoblins
  16 jackals
  6 quokkas
  7 bats
  4 frilled lizards
  7 kobolds
  A quokka skeleton (D:9)
  8 rats
314 creatures vanquished.

Vanquished Creatures (collateral kills)
  The ghost of Soeti the Tainter, a journeyman OpTm of Dithmenos (Lair:3)
  A black mamba (Lair:2)
  A komodo dragon (Lair:3)
  A polar bear (Lair:5)
  A blink frog (Lair:5)
  4 hippogriffs
  2 spriggans (Lair:5)
  11 yaks
  3 water moccasins
  3 porcupines
  5 wolves (Lair:2)
  2 crocodiles
  2 bullfrogs (Lair:2)
  A scorpion (Lair:3)
38 creatures vanquished.

Vanquished Creatures (others)
  The ghost of Duffy the Geomancer, a novice FoEE of Cheibriados (D:6)
  10 fungi
  3 plants
14 creatures vanquished.

Grand Total: 366 creatures vanquished

Notes
Turn   | Place    | Note
-------+----------+-------------------------------------------
     0 | D:1      | aspy the Ghoul Ice Elementalist began the quest for the Orb.
     0 | D:1      | Reached XP level 1. HP: 14/14 MP: 2/2
   226 | D:1      | Reached XP level 2. HP: 16/20 MP: 0/4
   269 | D:1      | Learned a level 2 spell: Throw Frost
   666 | D:1      | Reached skill level 4 in Ice Magic
   719 | D:1      | Reached XP level 3. HP: 26/26 MP: 5/5
   962 | D:1      | Learned a level 3 spell: Ozocubu's Armour
  1275 | D:2      | Reached skill level 1 in Conjurations
  1284 | D:2      | Noticed Jessica
  1394 | D:2      | Killed Jessica
  1394 | D:2      | Reached XP level 4. HP: 22/33 MP: 0/6
  1734 | D:2      | Reached skill level 5 in Ice Magic
  2110 | D:3      | Reached XP level 5. HP: 33/38 MP: 8/8
  3063 | D:3      | Reached XP level 6. HP: 41/45 MP: 4/9
  3069 | D:3      | Learned a level 4 spell: Throw Icicle
  3659 | D:4      | Reached skill level 6 in Ice Magic
  3811 | D:4      | Reached XP level 7. HP: 44/50 MP: 11/11
  3990 | D:5      | Entered Level 5 of the Dungeon
  4136 | D:5      | Reached skill level 7 in Ice Magic
  4723 | D:5      | Reached XP level 8. HP: 55/57 MP: 10/13
  4798 | D:5      | Got a twisted hand axe
  4820 | D:5      | Noticed azzavlup's ghost (amateur DsAK)
  5112 | D:5      | Identified the +9 hand axe of the Shore {holy, Int+3} (You found it on level 5 of the Dungeon)
  5137 | D:5      | Killed azzavlup's ghost
  5137 | D:5      | Reached skill level 8 in Ice Magic
  5158 | D:5      | Learned a level 4 spell: Summon Ice Beast
  5325 | D:6      | Noticed Duffy's ghost (novice FoEE)
  5890 | D:6      | Reached skill level 9 in Ice Magic
  5955 | D:6      | Found a staircase to the Ecumenical Temple.
  5962 | Temple   | Entered the Ecumenical Temple
  6257 | Temple   | Became a worshipper of Vehumet
  6338 | D:6      | Noticed Edmund
  6357 | D:6      | Killed Edmund
  6411 | D:6      | You fall through a shaft for 3 floors!
  6414 | D:9      | Got a thick robe
  6451 | D:9      | Reached XP level 9. HP: 50/60 MP: 15/15
  6542 | D:9      | Got a twisted chain mail
  6544 | D:9      | Reached skill level 5 in Spellcasting
  6966 | D:7      | Found a stormy altar of Qazlal.
  7253 | D:6      | Reached * piety under Vehumet
  7253 | D:6      | Offered knowledge of Flame Tongue by Vehumet.
  7347 | D:6      | Noticed Dowan
  7348 | D:6      | Killed Duffy's ghost
  7357 | D:6      | Killed Dowan
  7357 | D:6      | Reached skill level 10 in Ice Magic
  7358 | D:6      | Noticed Duvessa
  8142 | D:5      | Identified the +1 robe of Huses {Dex+2} (You found it on level 9 of the Dungeon)
  8214 | D:6      | Killed Duvessa
  8432 | D:7      | Reached skill level 5 in Conjurations
  9064 | D:7      | Found a runed door.
  9647 | D:8      | Reached skill level 11 in Ice Magic
  9730 | D:8      | Reached XP level 10. HP: 61/69 MP: 11/18
  9885 | D:8      | Found a staircase to the Lair.
  9968 | D:8      | Noticed a lindwurm
 10094 | D:8      | Offered knowledge of Sting by Vehumet.
 10095 | D:8      | Reached ** piety under Vehumet
 10547 | D:8      | Noticed a lindwurm
 10688 | D:9      | Found a staircase to the Orcish Mines.
 10822 | D:9      | Offered knowledge of Inner Flame by Vehumet.
 10844 | D:9      | Found a blossoming altar of Fedhas.
 11024 | D:9      | Reached skill level 12 in Ice Magic
 11192 | D:9      | Reached *** piety under Vehumet
 11324 | D:10     | Entered Level 10 of the Dungeon
 11324 | D:10     | Found a shadowy altar of Dithmenos.
 11702 | Lair:1   | Entered Level 1 of the Lair of Beasts
 11927 | Lair:1   | Noticed a spiny frog
 12000 | Lair:1   | Killed a spiny frog
 12167 | Lair:1   | Noticed a five-headed hydra
 12181 | Lair:1   | Killed a five-headed hydra
 12181 | Lair:1   | Reached XP level 11. HP: 38/74 MP: 3/21
 12711 | Lair:1   | Noticed a four-headed hydra
 12756 | Lair:1   | Killed a four-headed hydra
 12980 | Lair:1   | Reached skill level 5 in Dodging
 13246 | Lair:1   | Offered knowledge of Force Lance by Vehumet.
 13625 | Lair:1   | Found a glowing silver altar of Zin.
 14099 | Lair:2   | Reached skill level 1 in Fighting
 14209 | Lair:2   | Noticed Harold
 14224 | Lair:2   | Killed Harold
 14224 | Lair:2   | Reached skill level 1 in Summonings
 14424 | Lair:2   | Found a staircase to the Shoals.
 14910 | Lair:2   | Reached **** piety under Vehumet
 15196 | Lair:3   | Noticed Soeti's ghost (journeyman OpTm)
 15520 | Lair:3   | Noticed a seven-headed hydra
 15592 | Lair:3   | Offered knowledge of Airstrike by Vehumet.
 15639 | Lair:3   | Killed Soeti's ghost
 15896 | Lair:3   | Reached XP level 12. HP: 84/88 MP: 6/24
 16837 | Lair:3   | Killed a seven-headed hydra
 16969 | Lair:3   | Upgraded the game from 0.20-a0-463-g5747544 to 0.20-a0-464-g526fb3c
 17007 | Lair:3   | Found a hole to the Spider Nest.
 17402 | Lair:4   | Noticed a six-headed hydra
 17411 | Lair:4   | Killed a six-headed hydra
 17518 | Lair:4   | Noticed Nessos
 17530 | Lair:4   | Killed Nessos
 18137 | Lair:4   | Noticed an eight-headed hydra
 18146 | Lair:4   | Killed an eight-headed hydra
 18363 | Lair:4   | Noticed a death yak
 18737 | Lair:4   | Noticed a death yak
 18763 | Lair:3   | Killed a death yak
 18763 | Lair:3   | Reached skill level 10 in Spellcasting
 19115 | Lair:4   | Reached skill level 5 in Fighting
 19258 | Lair:5   | Noticed Rupert
 19468 | Lair:5   | Found a runed door.
 19468 | Lair:5   | Found a viscous altar of Jiyva.
 19468 | Lair:5   | Found a staircase to the Slime Pits.
 19468 | Lair:5   | Noticed an acid blob
 19468 | Lair:5   | Noticed an acid blob
 19564 | Lair:5   | Reached ***** piety under Vehumet
 19564 | Lair:5   | Offered knowledge of Delayed Fireball by Vehumet.
 19795 | Lair:5   | Mangled by Rupert

Vault maps used:
D:1:      lightli_arrival_lavapool
D:2:      kennysheep_generic_room_5, uniq_jessica
D:3:      first_bread
D:6:      minmay_statues_item, lemuel_flame_loot_1, uniq_duvessa, uniq_edmund
D:7:      basic_altar, uniq_crazy_yiuf_cottage
D:8:      lair_entry_dummy, the_bakery, minivault_24, minmay_lindwurm_lava
D:9:      erik_orc_3, basic_altar
D:10:     hangedman_abyss_or_decor_jellyfish_corner,
          nicolae_dithmenos_the_darkroom
Temple:   roderic_octagonal_lattice_temple
Lair:1:   beast_lair_carwin_large_1, lemuel_centaur_altar
Lair:2:   shoals_dummy_entry, grunt_megastairs_4, lemuel_fruit_tree, uniq_harold
Lair:3:   nicolae_spider_entry_non_spiders
Lair:4:   uniq_nessos
Lair:5:   slime_altar_2, wad_woods_01, uniq_rupert

Skill      XL: |  1  2  3  4  5  6  7  8  9 10 11 12 |
---------------+-------------------------------------+-----
Spellcasting   | 2 3 4 6 7 9 10 | 10.1
Ice Magic      | 4 5 6 7 9 11 12 | 12.6
Conjurations   | 1 2 3 4 5 6 7 |  7.8
Dodging        | 3 6 |  6.3
Fighting       | 2 5 |  5.5
Summonings     | 1 3 |  3.8
Short Blades   | |  0.5
Stealth        | |  2.1

Action                   |  1- 3 |  4- 6 |  7- 9 | 10-12 || total
-------------------------+-------+-------+-------+-------++-------
Melee: Dagger            |    84 |   145 |   381 |   500 ||  1110
       Unarmed           |     8 |       |       |       ||     8
 Fire: Hunting sling     |       |    11 |    70 |     5 ||    86
Throw: Stone             |     3 |     6 |     2 |       ||    11
 Cast: Freeze            |    24 |    73 |   146 |   184 ||   427
       Throw Frost       |     1 |     1 |    18 |     2 ||    22
       Ozocubu's Armour  |       |     1 |     6 |    13 ||    20
       Throw Icicle      |       |       |    22 |   125 ||   147
       Summon Ice Beast  |       |       |       |    76 ||    76
Evoke: Wand              |       |       |       |     4 ||     4
  Use: Scroll            |     1 |     2 |     8 |     5 ||    16
       Potion            |       |     1 |       |     5 ||     6
 Stab: Sleeping          |     1 |     1 |     2 |       ||     4
       Distracted        |       |       |       |     1 ||     1
  Eat: Chunk             |     8 |    16 |    25 |    97 ||   146
       Meat ration       |       |       |     1 |       ||     1
Armor: Robe              |    24 |       |       |       ||    24
       Leather armour    |    25 |    89 |   210 |   279 ||   603
Dodge: Dodged            |    68 |   127 |   239 |   443 ||   877
